 Dungeon Crawl Stone Soup version 0.22.1-1-ga44c0e5 (webtiles) character file.

5932 Starchild the Photosynthesist (level 10, -4/76 HPs)
             Began as a Demonspawn Monk on Oct 22, 2018.
             Was an Elder of Fedhas.
             Slain by a hornet (7 damage)
             ... on level 8 of the Dungeon.
             The game lasted 00:44:40 (10115 turns).

Starchild the Photosynthesist (Demonspawn Monk)    Turns: 10115, Time: 00:44:41

Health: -4/76      AC: 10    Str: 12    XL:     10   Next: 54%
Magic:  0/19       EV: 13    Int: 15    God:    Fedhas [****..]
Gold:   454        SH:  0    Dex: 20    Spells: 5/9 levels left

rFire    . . .     SeeInvis .   s - +1 dagger (drain)
rCold    + . .     Gourm    .   (no shield)
rNeg     . . .     Faith    .   b - +0 robe
rPois    .         Spirit   +   g - +1 hat
rElec    .         Reflect  .   O - +0 cloak
rCorr    .         Harm     .   (no gloves)
MR       .....                  (no boots)
Stlth    ++++......             f - amulet of guardian spirit
HPRegen  0.22/turn              h - +5 ring of dexterity
MPRegen  0.16/turn              D - ring of stealth

@: sanguine armour, slowed, very slow
A: hooves 2, cold resistance 1, demonic guardian 1, sanguine armour 1
a: Fungal Bloom, Sunlight, Evolution, Growth, Reproduction, Renounce Religion


You were on level 8 of the Dungeon.
You worshipped Fedhas.
Fedhas was greatly pleased with you.
You were not hungry.

You visited 1 branch of the dungeon, and saw 9 of its levels.
You also visited: Ossuary.

You collected 454 gold pieces.

Inventory:

Hand Weapons
 a - a +0 hand axe
 s - a +1 dagger of draining (weapon)
 C - a +0 whip of electrocution
Missiles
 k - 261 stones (quivered)
 M - 2 throwing nets
Armour
 b - a +0 robe (worn)
 g - a +1 hat (worn)
 O - a +0 cloak (worn)
Jewellery
 f - an amulet of guardian spirit (around neck)
 h - a +5 ring of dexterity (left hand)
 x - an uncursed amulet of the gourmand
 y - an uncursed ring of fire
 D - a ring of stealth (right hand)
 G - an uncursed ring of fire
 H - an uncursed ring of resist corrosion
 L - an uncursed ring of stealth
 Q - a cursed -3 ring of dexterity
Wands
 E - a wand of acid (1)
Scrolls
 i - a scroll of magic mapping
 j - 5 scrolls of amnesia
 m - a scroll of noise {unknown}
 n - 2 scrolls of enchant armour
 o - 2 scrolls of random uselessness {unknown}
 p - 4 scrolls of teleportation {unknown}
 q - 7 scrolls of fear
 r - 3 scrolls of immolation
 t - 7 scrolls of remove curse
 w - a scroll of fog {unknown}
 F - a scroll of enchant weapon {unknown}
 K - a scroll of summoning {unknown}
 N - a scroll of identify
Potions
 d - 5 potions of curing
 e - 4 potions of flight
 l - 3 potions of lignification {unknown}
 u - 2 potions of brilliance {unknown}
 v - a potion of berserk rage {unknown}
 z - 3 potions of agility {unknown}
 A - 4 potions of ambrosia {unknown}
 B - a potion of magic {unknown}
 I - a potion of resistance
 J - a potion of cancellation {unknown}
 P - 2 potions of heal wounds
Comestibles
 c - 4 rations


   Skills:
 - Level 6.0 Fighting
 - Level 2.6 Axes
 - Level 0.2 Armour
 - Level 2.6 Dodging
 * Level 6.0 Stealth
 - Level 9.1 Hexes
 * Level 13.1 Invocations


You had 5 spell levels left.
You knew the following spells:

 Your Spells              Type           Power        Failure   Level  Hunger
a - Confusing Touch       Hex            ####..       1%          1    ##.....
b - Confuse               Hex            ####....     1%          3    ####...

Your spell library contained the following spells:

 Spells                   Type           Power        Failure   Level  Hunger
 Gell's Gravitas          Tloc           #.........   63%         3    ####...
 Metabolic Englaciation   Hex/Ice        ##........   75%         5    ######.
 Yara's Violent Unravell  Hex/Tmut       ##........   75%         5    ######.
 Petrify                  Tmut/Erth      #.......     95%         4    #####..


Dungeon Overview and Level Annotations

Branches:
Dungeon (9/15)             Temple (0/1) D:7
   Lair: D:8-11         Orc: D:9-12

Altars:
Ashenzari
Cheibriados
Dithmenos
Fedhas
Gozag
Kikubaaqudgha
Ru
Trog
Uskayaw
Vehumet
Wu Jian
Yredelemnul
The Shining One

Annotations:
D:7 Harold


Innate Abilities, Weirdness & Mutations

You have hoof-like feet.
Your flesh is cold resistant. (rC+)
A weak demonic guardian rushes to your aid.
When seriously injured, your bleeding wounds create armour. (AC +6)


Message History

The hornet barely misses you.
Okay, then.
The hornet barely misses you. The hornet stings you.
You suddenly lose the ability to move!
The hornet barely misses you.
You can move again.
The hornet stings you!
* * * LOW HITPOINT WARNING * * *
You feel as though you will be slow longer.
The hornet misses you. The hornet stings you.
* * * LOW HITPOINT WARNING * * *
You feel as though you will be slow longer.
The hornet stings you but does no damage.
The hornet stings you but does no damage.
The hornet stings you!
* * * LOW HITPOINT WARNING * * *
You feel as though you will be slow longer.
The hornet stings you!
You die...
Fedhas appreciates your contribution to the ecosystem.

#.#%##......# #####...
##y#.#......#####.....##
#.#†##......÷÷P...######
##.#.#......####........
#.#.##.......# #########
###.##.......#
#............#
##....y......#
##..yy@.....#
#.........>#
#..........#
##...####### #####


You could see 3 hornets.

Vanquished Creatures
  2 two-headed ogres (D:8)
  An ugly thing (D:8)
  A hippogriff (D:8)
  A wraith (Ossuary)
  The ghost of emiel the Chiller, an amateur GnWn (D:3)
  A hungry ghost (D:5)
  An orc warrior (D:6)
  3 ice beasts
  3 sky beasts
  2 phantoms
  A black bear (D:9)
  A wolf (D:9)
  4 ogres
  A centaur (D:8)
  A crocodile (D:8)
  3 bullfrogs
  A gnoll sergeant (D:7)
  A scorpion (D:4)
  2 crimson imps
  2 howler monkeys
  A bullfrog zombie (D:7)
  2 orc priests
  4 hounds
  3 jellies
  7 orc wizards
  A gnoll shaman (D:6)
  2 iguanas
  Natasha (thrice) (D:4)
  5 worker ants
  A killer bee zombie (D:6)
  3 hound skeletons
  A mummy (Ossuary)
  A worker ant zombie (D:8)
  7 adders
  22 gnolls
  A hound simulacrum (D:9)
  A shadow imp (D:5)
  5 white imps (D:9)
  A howler monkey simulacrum (D:9)
  An ufetubus (D:9)
  2 oozes
  An adder skeleton (D:7)
  7 worms
  A dart slug (D:5)
  An adder simulacrum (D:9)
  5 leopard geckos
  16 orcs
  7 giant cockroaches
  8 goblins
  11 hobgoblins
  15 jackals
  8 kobolds
  7 quokkas
  7 bats
  6 frilled lizards
  A giant cockroach zombie (D:6)
  4 gnoll skeletons (Ossuary)
  A jackal skeleton (D:8)
  12 kobold skeletons (Ossuary)
  A leopard gecko skeleton (D:4)
  9 orc skeletons (Ossuary)
  A quokka skeleton (D:8)
  A quokka zombie (D:8)
  7 rats
244 creatures vanquished.

Vanquished Creatures (collateral kills)
  A polar bear (D:9)
  2 hungry ghosts (D:9)
  A black bear (D:9)
  An ice beast (D:9)
  A wolf (D:9)
  A scorpion (D:7)
  A gnoll (D:7)
  A hound simulacrum (D:9)
  3 orcs
12 creatures vanquished.

Vanquished Creatures (others)
  A human (D:6)
  63 toadstools
64 creatures vanquished.

Grand Total: 320 creatures vanquished

Notes
Turn   | Place    | Note
-------+----------+-------------------------------------------
     0 | D:1      | Starchild the Demonspawn Monk began the quest for the Orb.
     0 | D:1      | Reached XP level 1. HP: 18/18 MP: 1/1
    65 | D:1      | Gained mutation: You have large cloven feet. [demonic
                  | ancestry]
    65 | D:1      | Reached XP level 2. HP: 5/24 MP: 2/2
    87 | D:1      | HP: 1/24 [leopard gecko (4)]
   771 | D:1      | Gained mutation: You have hoof-like feet. [demonic
                  | ancestry]
   771 | D:1      | Reached XP level 3. HP: 25/30 MP: 3/3
  1415 | D:1      | Learned a level 1 spell: Confusing Touch
  1598 | D:2      | Reached XP level 4. HP: 32/38 MP: 1/4
  1659 | D:2      | Reached skill level 5 in Fighting
  1787 | D:2      | Found a bloodstained altar of Trog.
  1958 | D:2      | Reached skill level 1 in Hexes
  2054 | D:2      | Found a blossoming altar of Fedhas.
  2166 | D:2      | Gained mutation: When seriously injured, your bleeding
                  | wounds create armour. (AC +6) [demonic ancestry]
  2166 | D:2      | Reached XP level 5. HP: 35/44 MP: 3/5
  2185 | D:2      | Became a worshipper of Fedhas Madash
  2185 | D:2      | Reached * piety under Fedhas
  2185 | D:2      | Reached ** piety under Fedhas
  2694 | D:3      | Found a runed door.
  2695 | D:3      | Noticed emiel's ghost (amateur GnWn)
  2735 | D:3      | Killed emiel's ghost
  2735 | D:3      | Reached skill level 2 in Invocations
  2735 | D:3      | Reached XP level 6. HP: 17/52 MP: 1/8
  2756 | D:3      | Learned a level 3 spell: Confuse
  2980 | D:3      | Reached skill level 3 in Invocations
  3228 | D:4      | Noticed Natasha
  3236 | D:4      | Killed Natasha
  3236 | D:4      | Reached skill level 4 in Invocations
  3253 | D:4      | Found a radiant altar of Vehumet.
  3253 | D:4      | Found a hide-covered altar of Uskayaw.
  3255 | D:4      | Found an opulent altar of Gozag.
  3256 | D:4      | Found a basalt altar of Yredelemnul.
  3288 | D:4      | Noticed Natasha
  3295 | D:4      | Killed Natasha
  3295 | D:4      | Reached XP level 7. HP: 58/58 MP: 10/10
  3300 | D:4      | Found a sacrificial altar of Ru.
  3536 | D:4      | Noticed Natasha
  3544 | D:4      | Killed Natasha
  3669 | D:5      | Entered Level 5 of the Dungeon
  3790 | D:5      | Found a shattered altar of Ashenzari.
  3792 | D:5      | Noticed a hungry ghost
  3840 | D:5      | Killed a hungry ghost
  3840 | D:5      | Reached skill level 5 in Invocations
  3995 | D:5      | Reached skill level 5 in Hexes
  3995 | D:5      | Reached skill level 6 in Invocations
  4449 | D:5      | Reached XP level 8. HP: 64/64 MP: 12/12
  4598 | D:5      | Found a shadowy altar of Dithmenos.
  5096 | D:6      | Reached *** piety under Fedhas
  5160 | D:6      | Reached skill level 7 in Invocations
  5700 | D:6      | Found an ancient bone altar of Kikubaaqudgha.
  5781 | D:6      | Reached skill level 8 in Invocations
  6010 | D:6      | Found a glowing golden altar of the Shining One.
  6017 | D:6      | You fall through a shaft for 2 floors!
  6017 | D:8      | Noticed a hippogriff
  6031 | D:8      | Killed a hippogriff
  6031 | D:8      | Reached skill level 9 in Invocations
  6174 | D:7      | Found a snail-covered altar of Cheibriados.
  6210 | D:7      | Found a sand-covered staircase.
  6214 | Ossuary  | Entered an ossuary
  6245 | Ossuary  | Gained mutation: A weak demonic guardian rushes to your
                  | aid. [demonic ancestry]
  6245 | Ossuary  | Reached XP level 9. HP: 26/69 MP: 10/16
  6810 | D:7      | Reached skill level 10 in Invocations
  7144 | D:7      | Noticed Harold
  7346 | D:8      | Noticed a brown ugly thing
  7348 | D:8      | Found the +15 Maxwell's patent armour {-Cast -Tele rElec
                  | MR+ rCorr}
  7366 | D:8      | Killed a brown ugly thing
  7483 | D:8      | Noticed a two-headed ogre
  7568 | D:6      | Reached skill level 11 in Invocations
  7905 | D:7      | Found a staircase to the Ecumenical Temple.
  8015 | D:8      | Killed a two-headed ogre
  8015 | D:8      | Reached skill level 12 in Invocations
  8127 | D:8      | Noticed a two-headed ogre
  8249 | D:9      | Found an ornate altar of the Wu Jian Council.
  8393 | D:9      | Gained mutation: Your flesh is cold resistant. (rC+)
                  | [demonic ancestry]
  8393 | D:9      | Reached XP level 10. HP: 61/76 MP: 16/19
  9825 | D:8      | Killed a two-headed ogre
  9825 | D:8      | Reached skill level 5 in Stealth
  9825 | D:8      | Reached skill level 13 in Invocations
 10072 | D:8      | Reached **** piety under Fedhas
 10101 | D:8      | Paralysed by a hornet for 1 turns
 10110 | D:8      | Paralysed by a hornet for 1 turns
 10115 | D:8      | HP: 3/76 [hornet (13)]
 10115 | D:8      | Slain by a hornet

Skill      XL: |  1  2  3  4  5  6  7  8  9 10 |
---------------+-------------------------------+-----
Fighting       | 4 5 6 |  6.0
Hexes          | 1 3 5 7 9 |  9.1
Invocations    | 2 4 6 9 12 13 | 13.1
Stealth        | 2 6 |  6.0
Axes           | |  2.6
Armour         | |  0.2
Dodging        | |  2.6

Action                   |  1- 3 |  4- 6 |  7- 9 | 10-12 || total
-------------------------+-------+-------+-------+-------++-------
Melee: Hand axe          |    86 |       |       |       ||    86
       Kick              |    25 |    66 |   197 |    72 ||   360
       Dagger            |    17 |   201 |   563 |   206 ||   987
       Whip              |       |       |     9 |       ||     9
Throw: Stone             |       |       |     1 |     4 ||     5
 Cast: Confusing Touch   |       |     1 |       |       ||     1
       Confuse           |       |       |     3 |     2 ||     5
Invok: Fungal Bloom      |       |     5 |    14 |     4 ||    23
       Sunlight          |       |     1 |       |       ||     1
Evoke: Wand              |       |       |     5 |     1 ||     6
  Use: Potion            |       |     4 |       |     1 ||     5
       Scroll            |       |     9 |     7 |     3 ||    19
 Stab: Sleeping          |     2 |     5 |     7 |     7 ||    21
       Confused          |       |       |     3 |       ||     3
       Distracted        |       |       |     3 |     2 ||     5
  Eat: Chunk             |     2 |     5 |     8 |     2 ||    17
       Ration            |       |       |     6 |     3 ||     9
Armor: Robe              |    18 |    37 |   145 |    63 ||   263
Dodge: Dodged            |    83 |   107 |   377 |   158 ||   725
